 Dungeon Crawl Stone Soup version 0.31-a0-507-gbafd7f5274 (webtiles) character file.

Game seed: 6782132915340308513

715 Newt the Changeling (level 7, -1/54 HPs)
             Began as a Merfolk Shapeshifter on Aug 9, 2023.
             Was an Initiate of Hepliaklqana.
             Slain by Duvessa
             ... wielding a +1 short sword of holy wrath
              (9 damage)
             ... on level 5 of the Dungeon.
             The game lasted 00:04:24 (4059 turns).

Newt the Changeling (Merfolk Shapeshifter)          Turns: 4059, Time: 00:04:24

Health: -1/54      AC:  3    Str: 17    XL:     7   Next: 69%
Magic:  7/7        EV: 14    Int:  8    God:    Hepliaklqana [......]
Gold:   311        SH:  0    Dex: 14    Spells: 6/6 levels left

rFire   . .          .
                       - Unarmed
rCold   . . .        (shield currently unavailable)
rNeg    . . .        a - +1 animal skin
rPois   .            (no helmet)
rElec   .            (no cloak)
rCorr   .            (no gloves)
SInv    .            (no boots)
Will    .....        h - amulet of faith
Stlth   +            (no ring)
HPRegen 0.29/turn    (no ring)
MPRegen 0.10/turn

%: faith
@: confused, flux-form, glowing
A: glow, contaminating, (nimble swimmer 2), mertail
a: Begin Untransformation, Renounce Religion


You were on level 5 of the Dungeon.
You worshipped Hepliaklqana.
Hepliaklqana was noncommittal.
You were something dangerously unstable.
You visited 2 branches of the dungeon, and saw 6 of its levels.

You collected 351 gold pieces.
You spent 40 gold pieces at shops.

Inventory:

Armour
 a - a +1 animal skin (worn)
Jewellery
 h - an amulet of faith (around neck)
Talismans
 c - a beast talisman
 d - a flux talisman (active)
 f - a blade talisman
Scrolls
 i - 2 scrolls of identify
 k - a scroll of noise
 l - a scroll of amnesia
 m - a scroll of enchant weapon
Potions
 b - a potion of lignification
 e - a potion of invisibility
 g - a potion of brilliance
 n - a potion of heal wounds
 o - a potion of mutation


   Skills:
 + Level 4.0 Fighting
 - Level 6.0 Dodging
 - Level 6.0 Unarmed Combat
 - Level 6.0 Shapeshifting


You had 6 spell levels left.
You didn't know any spells.
Your spell library contained the following spells:

 Spells                   Type           Power      Damage    Failure   Level
 Magic Dart               Conj           0%         1d3       41%         1
 Call Imp                 Summ           0%         N/A       54%         2
 Mephitic Cloud           Conj/Pois/Air  0%         N/A       78%         3


Dungeon Overview and Level Annotations

Branches:
Dungeon (5/15)             Temple (1/1) D:4

Altars:
Ashenzari
Cheibriados
Dithmenos
Elyvilon
Fedhas
Hepliaklqana
Kikubaaqudgha
Makhleb
Qazlal
Ru
Sif Muna
Trog
Uskayaw
Vehumet
Xom

Shops:
D:1 *   D:5 :

Annotations:
D:5 Dowan, Duvessa


Innate Abilities, Weirdness & Mutations

You are something dangerously unstable.
You glow with magical radiation, making you easy to see and hit.
Foes you strike become dangerously contaminated with magical radiation.
You are incapable of wielding weapons or throwing items.
((You are very nimble when in or above water. (Stealth+, EV+, Speed+++)))
Your lower body shifts to a powerful aquatic tail in water.


Message History

The orc wizard closely misses you.
You bump into the rock wall.
Duvessa hits you with a +1 short sword of holy wrath.
The orc closely misses you. The orc wizard casts a spell at you.
The magic dart hits you.
Dowan mumbles some strange words.
Dowan blinks!
Unknown command.
You feel better.
Duvessa hits you with a +1 short sword of holy wrath.
The orc barely misses you.
The orc wizard hits you with a +0 dagger.
Dowan smirks and points a slender finger.
Unknown command.
You hit Duvessa.
Duvessa glows dangerously bright.
Duvessa is almost dead.
Duvessa says, "When magic and the sword combine, nothing stands against them."
Duvessa misses you. The orc hits you with a +0 mace.
The orc wizard completely misses you.
You barely miss Duvessa.
Duvessa is almost dead.
Duvessa hits you with a +1 short sword of holy wrath.
The orc hits you with a +0 mace.
* * * LOW HITPOINT WARNING * * *
The orc wizard points at you and mumbles some strange words.
You are confused.
Unknown command.
You hit Duvessa.
Duvessa shudders as magic cascades through her.
Duvessa twists and deforms.
Duvessa is almost dead.
Duvessa hits you but does no damage. The orc barely misses you.
The orc wizard gestures at you while chanting.
The magic dart hits you.
* * * LOW HITPOINT WARNING * * *
Unknown command.
You closely miss the orc.
Duvessa hits you with a +1 short sword of holy wrath!
You die...

...................##.....
##....
........o.........#######.
#.... ...#.#......<.......
#.....
...###..............
#....# .. #..............
#...#.# #...............
........ ..............##
....###. .#...#.##eo### .
#.. #...#. #.oB##.... ....
#..... ##........ ....
.............. .....
.#.... ....... .##...
#.... #.#...


You could see Duvessa (misshapen), Dowan, an orc wizard and an orc.

Vanquished Creatures
  Eustachio (D:5)
  A phantom (D:4)
  2 scorpions (D:4)
  A howler monkey (D:5)
  A jelly (D:4)
  4 iguanas (D:5)
  2 sleepcaps
  7 adders
  3 gnolls (D:5)
  A worm (D:4)
  3 dart slugs
  4 orcs
  5 ball pythons
  A bat (D:1)
  3 endoplasms
  4 giant cockroaches
  A goblin (D:2)
  3 hobgoblins
  10 jackals
  3 quokkas (D:1)
  A frilled lizard (D:1)
  3 kobolds (D:1)
64 creatures vanquished.

Notes
Turn   | Place    | Note
-------+----------+-------------------------------------------
     0 | D:1      | Newt the Merfolk Shapeshifter began the quest for the Orb.
     0 | D:1      | Reached XP level 1. HP: 15/15 MP: 1/1
   125 | D:1      | Reached XP level 2. HP: 14/22 MP: 2/2
   425 | D:1      | Found Vitiodaf's Assorted Antiques.
   433 | D:1      | Bought a scroll labelled ARES ZUISUEDEC for 20 gold pieces
   433 | D:1      | Bought a scroll labelled MOBAVE YZYUF for 20 gold pieces
   666 | D:2      | Reached XP level 3. HP: 6/29 MP: 3/3
   905 | D:2      | Found a faded altar of an unknown god.
  1664 | D:3      | Found a hide-covered altar of Uskayaw.
  1933 | D:3      | Reached XP level 4. HP: 31/35 MP: 4/4
  1972 | D:3      | Reached skill level 5 in Shapeshifting
  2440 | D:4      | Noticed a scorpion
  2453 | D:4      | Killed a scorpion
  2454 | D:4      | Reached XP level 5. HP: 41/41 MP: 5/5
  2477 | D:4      | Found a white marble altar of Elyvilon.
  2683 | D:4      | Found a staircase to the Ecumenical Temple.
  2745 | Temple   | Entered the Ecumenical Temple
  2760 | Temple   | Became a worshipper of Hepliaklqana the Forgotten
  2935 | D:5      | Entered Level 5 of the Dungeon
  2964 | D:5      | Reached skill level 5 in Unarmed Combat
  2964 | D:5      | Reached XP level 6. HP: 45/47 MP: 6/6
  3362 | D:5      | Noticed Eustachio
  3381 | D:5      | Killed Eustachio
  3382 | D:5      | Reached skill level 5 in Dodging
  3382 | D:5      | Reached XP level 7. HP: 21/52 MP: 7/7
  3604 | D:5      | Noticed Duvessa
  3604 | D:5      | Noticed Dowan
  3605 | D:5      | Found Daocuung's Book Shop.
  4059 | D:5      | Slain by Duvessa

Illustrated notes

Levels and vault maps discovered:
D:1:      lightli_arrival_isolated_outpost, layout_loops_ring, serial_shops,
          nicolae_shop_overgrown_old_shop
D:2:      layout_rooms, serial_forest, infiniplex_forest_lined_2,
          infiniplex_forest_clump_medium, infiniplex_forest_lined_4_way,
          infiniplex_forest_lined_room_2, infiniplex_forest_end_double,
          infiniplex_forest_clump_large,
          hellmonk_ecumenical_altar_pennies_from_heaven
D:3:      layout_basic, lemuel_crystal_altar, grunt_ministairs_11
D:4:      layout_rooms, elyvilon_altar_5, minmay_temple_entry_wispy,
          item_on_display_a
D:5:      layout_cave_pools, serial_shops, nicolae_shop_tiny_real_fake_doors,
          uniq_eustachio, uniq_duvessa
Temple:   hellmonk_temple_forest_ring

Skill      XL: |  1  2  3  4  5  6  7 |
---------------+----------------------+-----
Fighting       | 2 3 4 |  4.0
Shapeshifting  | 6 |  6.0
Unarmed Combat | 5 6 |  6.0
Dodging        | 5 6 |  6.0

Action                     |  1- 3 |  4- 6 |  7- 9 || total
---------------------------+-------+-------+-------++-------
  Melee: Unarmed           |    97 |   121 |    39 ||   257
         Punch             |     4 |     1 |       ||     5
    Use: Scroll            |     8 |     3 |       ||    11
         Potion            |       |       |     1 ||     1
   Stab: Sleeping          |     1 |       |       ||     1
 Armour: Animal skin       |    17 |    21 |    11 ||    49
  Dodge: Dodged            |    50 |    84 |    32 ||   166
   Form: Flux              |       |     1 |       ||     1

Table legend: (Time is in decaauts)
 A = Elapsed time spent in this place.
 B = Non-inter-level travel time spent in this place.
 C = Inter-level travel time spent in this place.
 D = Time resting spent in this place.
 E = Time spent auto-exploring this place.
 F = Levels seen in this place.
 G = Mean time per level.
                   A        B        C        D        E       F      G
               +--------+--------+--------+--------+--------+-----+--------+
         Total |   4027 |   3897 |    130 |    994 |   2383 |   6 |  671.2 |
       Dungeon |   3997 |   3896 |    101 |    994 |   2383 |   5 |  799.4 |
        Temple |     29 |      1 |     28 |      0 |      0 |   1 |   29.0 |
               +--------+--------+--------+--------+--------+-----+--------+

Top non-repeatable levels by time:
     D:4: 1279 daAuts
     D:3: 971 daAuts
     D:2: 782 daAuts
     D:1: 594 daAuts
     D:5: 370 daAuts
  Temple: 29 daAuts
